 Dungeon Crawl Stone Soup version 0.26.1-2-gb8aa6d0cf2 (webtiles) character file.

Game seed: 6103264122599103861

834 Descartes the Grasshopper (level 7, -3/36 HPs)
             Began as a Deep Elf Hedge Wizard on Feb 26, 2021.
             Slain by a centaur (7 damage)
             ... on level 4 of the Dungeon on Feb 28, 2021.
             The game lasted 00:19:18 (7885 turns).

Descartes the Grasshopper (Deep Elf Hedge Wizard)   Turns: 7885, Time: 00:19:18

Health: -3/36      AC:  4    Str:  7    XL:     7   Next: 66%
Magic:  2/16       EV: 14    Int: 21    God:
Gold:   369        SH:  0    Dex: 14    Spells: 13/16 levels left

rFire    . . .     SeeInvis .   u - +0 falchion
rCold    . . .     Faith    .   (no shield)
rNeg     . . .     Spirit   .   m - +0 leather armour
rPois    .         Reflect  .   c - +0 hat
rElec    .         Harm     .   k - scarf {repulsion}
rCorr    .         Rampage  .   l - +0 pair of gloves
Will     .....                  (no boots)
Stlth    ++........             (no amulet)
HPRegen  0.12/turn              (no ring)
MPRegen  0.15/turn              (no ring)

@: very slightly contaminated, repel missiles
A: no striking features
a: no special abilities


You were on level 4 of the Dungeon.
You visited 1 branch of the dungeon, and saw 5 of its levels.

You collected 369 gold pieces.

Inventory:

Hand Weapons
 a - a +0 dagger
 u - a +0 falchion (weapon)
 y - a +2 flail of draining
Missiles
 d - 24 poisoned darts
 f - 111 stones
 g - 104 arrows
 s - 3 boomerangs
 x - 23 bolts
Armour
 c - a +0 hat (worn)
 k - a scarf of repulsion (worn)
 l - a +0 pair of gloves (worn)
 m - a +0 leather armour (worn)
 t - a +2 scale mail of cold resistance
Jewellery
 z - a cursed +6 ring of strength {unknown}
Wands
 i - a wand of random effects (24)
Scrolls
 b - a scroll of enchant weapon {unknown}
 e - a scroll of identify
 h - 3 scrolls of teleportation {unknown}
 j - 3 scrolls of enchant armour
 o - 2 scrolls of remove curse
 v - a scroll of random uselessness {unknown}
 w - a scroll of blinking {unknown}
Potions
 n - a potion of cancellation
 p - a potion of haste
 q - a potion of berserk rage
 r - a potion of heal wounds
 A - a potion of invisibility {unknown}


   Skills:
 - Level 5.0 Dodging
 - Level 2.4 Stealth
 - Level 5.0 Spellcasting
 - Level 5.0 Conjurations
 - Level 1.1 Summonings
 + Level 6.7 Translocations


You had 13 spell levels left.
You knew the following spells:

 Your Spells              Type           Power        Failure   Level
a - Magic Dart            Conj           100%         1%          1
b - Blink                 Tloc           N/A          1%          2

Your spell library contained the following spells:

 Spells                   Type           Power        Failure   Level
 Call Imp                 Summ           9%           16%         2
 Conjure Flame            Conj/Fire      15%          17%         3
 Slow                     Hex            5%           24%         2
 Mephitic Cloud           Conj/Pois/Air  12%          26%         3


Dungeon Overview and Level Annotations

Branches:
Dungeon (5/15)
 Temple: D:4-7

Altars:
Ashenzari
Fedhas
Yredelemnul


Message History

Casting: Magic Dart (safe; 1% risk of failure)
Confirm with . or Enter, or press ? or * to list all spells.
Aiming: Magic Dart (safe; 1% risk of failure)
Press: ? - help, Shift-Dir - straight line, f/p - centaur
Aim: a centaur, quivering 15 arrows (heavily wounded, 0% to evade)
The magic dart hits the centaur.
The centaur is severely wounded.
The centaur hits you!
* * * LOW HITPOINT WARNING * * *
Casting: Magic Dart (safe; 1% risk of failure)
Confirm with . or Enter, or press ? or * to list all spells.
Aiming: Magic Dart (safe; 1% risk of failure)
Press: ? - help, Shift-Dir - straight line, f/p - centaur
Aim: a centaur, quivering 15 arrows (severely wounded, 0% to evade)
The magic dart hits the centaur but does no damage.
The centaur is severely wounded.
The centaur hits you.
* * * LOW HITPOINT WARNING * * *
The centaur hits you!
You die...

#.........###..## #..........
##........##
##..###.........# #.......###
##..###.......## ##......##
##....##.......# #....####
###......##......## #..###
##....[....##...#..# #.##
##...........#..##..# ##.##
##....)........####... #..#
##...)@.....#....##.... ##.##
##......c............#..
##[###.............#.....##..
#.##..............#...####..
##.................#..# ##.
#.........[......#..## #.
##...[..........#..## #.
#.............##.## #.
##...........##..# #.


You could see a centaur.

Vanquished Creatures
  A scorpion (D:5)
  2 hounds
  An orc priest (D:5)
  A jelly (D:5)
  10 orc wizards
  A bullfrog skeleton (D:4)
  2 centaur skeletons (D:4)
  An iguana (D:5)
  Ijyb (D:1)
  A worker ant zombie (D:5)
  8 adders
  A shadow imp (D:5)
  A white imp (D:5)
  An ufetubus (D:5)
  An ooze (D:5)
  7 worms
  A dart slug (D:2)
  6 leopard geckos
  14 orcs
  13 bats
  8 giant cockroaches
  15 goblins
  6 hobgoblins
  6 jackals
  A quokka (D:4)
  2 ball pythons (D:3)
  4 frilled lizards
  7 kobolds
  A leopard gecko skeleton (D:4)
  14 rats
138 creatures vanquished.

Notes
Turn   | Place    | Note
-------+----------+-------------------------------------------
     0 | D:1      | Descartes the Deep Elf Hedge Wizard began the quest for the
                  | Orb.
     0 | D:1      | Reached XP level 1. HP: 10/10 MP: 7/7
   324 | D:1      | Reached XP level 2. HP: 15/15 MP: 5/9
  1268 | D:2      | Reached XP level 3. HP: 19/19 MP: 5/10
  1944 | D:2      | Reached XP level 4. HP: 24/24 MP: 8/12
  2233 | D:2      | Noticed Ijyb
  2332 | D:2      | Found a basalt altar of Yredelemnul.
  2397 | D:1      | Killed Ijyb
  2398 | D:1      | Reached skill level 5 in Conjurations
  3113 | D:3      | Reached skill level 5 in Spellcasting
  3148 | D:3      | Reached XP level 5. HP: 28/28 MP: 2/14
  3396 | D:3      | Learned a level 2 spell: Blink
  3450 | D:3      | Reached skill level 2 in Translocations
  4077 | D:4      | Reached skill level 3 in Translocations
  4287 | D:4      | Reached skill level 4 in Translocations
  4287 | D:4      | Reached XP level 6. HP: 32/32 MP: 8/15
  4762 | D:2      | Found a blossoming altar of Fedhas.
  5218 | D:4      | Reached skill level 5 in Translocations
  6411 | D:5      | Entered Level 5 of the Dungeon
  6546 | D:5      | Reached XP level 7. HP: 28/36 MP: 7/16
  6741 | D:5      | Found a broken altar of Ashenzari.
  6784 | D:5      | Reached skill level 6 in Translocations
  7619 | D:4      | Reached skill level 5 in Dodging
  7885 | D:4      | Slain by a centaur

Illustrated notes

Levels and vault maps discovered:
D:1:      elethiomel_arrival_diamonds, layout_basic
D:2:      kennysheep_the_goblin_king, layout_basic, general_overflow_altar,
          nicolae_overflow_hidden_temple
D:3:      layout_basic, gup_sewer_entry_spiral, dk_vineyard_1
D:4:      layout_cave_pods
D:5:      layout_loops_ring, minmay_temple_entry_mist, basic_altar,
          serial_bayou_crossing, uniq_duvessa

Skill      XL: |  1  2  3  4  5  6  7 |
---------------+----------------------+-----
Conjurations   | 2 3 4 5 |  5.0
Spellcasting   | 5 |  5.0
Translocations | 4 5 6 |  6.7
Dodging        | 3 5 |  5.0
Stealth        | |  2.4
Summonings     | |  1.1

Action                   |  1- 3 |  4- 6 |  7- 9 || total
-------------------------+-------+-------+-------++-------
Melee: Dagger            |     1 |    31 |       ||    32
       Falchion          |       |     9 |       ||     9
 Cast: Magic Dart        |    92 |   226 |   107 ||   425
  Use: Scroll            |     1 |     6 |       ||     7
       Potion            |       |     2 |       ||     2
Armor: Robe              |     1 |       |       ||     1
       Leather armour    |     1 |    24 |     6 ||    31
Dodge: Dodged            |     8 |    51 |    17 ||    76
       Repelled          |       |     2 |       ||     2
       Rpst.: Falchion   |       |     5 |     8 ||    13
